[Event "BL 2016-17"]
[Site "Germany"]
[Date "2017.03.19"]
[Round "10"]
[White "Johansson, Linus"]
[Black "Socko, Bartosz"]
[Result "1/2-1/2"]
[ECO "A22"]
[WhiteElo "2408"]
[BlackElo "2598"]
[Annotator "TA RC"]
[PlyCount "182"]
[EventDate "2017.??.??"]
[EventType "team-tourn"]
[EventCountry "GER"]
[SourceTitle "playchess.com"]
[Source "ChessBase"]
[SourceQuality "1"]
[WhiteTeam "Bayern München"]
[BlackTeam "TU Dresden"]
[TimeControl "40/6000+30:3000+30"]

1. c4 e5 2. Nc3 Nf6 3. g3 c6 4. d4 exd4 5. Qxd4 d5 6. Bg2 dxc4 7. Qxc4 Be6 8. Qa4 Nbd7 9. Nf3 Bc5 10. O-O O-O 11. Qc2 Qe7 12. b3 Rfe8 13. Bb2 Ba3 14. h3 Bxb2 15. Qxb2 Nc5 16. Nd4 Rad8 17. Rad1 Bc8 18. Qa3 Qe5 19. e3 Na6 20. b4 Nxb4 21. Qxb4 c5 22. Qa4 cxd4 23. Rxd4 a6 24. Rfd1 Rxd4 25. Qxd4 Qc7 26. a4 h6 27. Nd5 Nxd5 28. Qxd5 a5 29. Qd6 Qc2 30. Rd4 Qb1+ 31. Kh2 Be6 32. Bd5 Qf1 33. Rd2 Qxh3+ 34. Kg1 Bxd5 35. Rxd5 Rc8 36. Rc5 g6 37. Qd5 b6 38. Rxc8+ Qxc8 39. Qb5 Qe6 40. Kg2 Kf8 41. Kg1 Ke7 42. Qd3 Qe5 43. Qb1 Qe6 44. Qd3 h5 45. Qd4 Qd6 46. Qe4+ Kf6 47. Qe8 Kg7 48. Kg2 Qe6 49. Qb5 Kf8 50. Kg1 Ke7 51. Kg2 Qd6 52. Kg1 Qe6 53. Kg2 Kd8 54. Kg1 Kc7 55. Kh2 Kb7 56. Kg1 Kb8 57. Kg2 Kc7 58. Kh2 f6 59. Qd3 f5 60. Qd4 Kb7 61. Qd1 b5 62. axb5 Kb6 63. Qd8+ Kxb5 64. Qb8+ Qb6 65. Qe5+ Kc4 66. Qa1 Qc5 67. Qf1+ Kb3 68. Qb1+ Ka4 69. Qb2 Qb4 70. Qa2+ Kb5 71. Qd5+ Qc5 72. Qb3+ Kc6 73. Qe6+ Qd6 74. Qc4+ Kb6 75. Qb3+ Kc7 76. Qc3+ Kb6 77. Qb3+ Ka6 78. Qc4+ Ka7 79. Qf7+ Kb8 80. Qb3+ Kc8 81. Qc4+ Kd8 82. Qg8+ Kd7 83. Qf7+ Kc6 84. Qc4+ Qc5 85. Qe6+ Kb5 86. Qb3+ Ka6 87. Qe6+ Qb6 88. Qc4+ Ka7 89. Qf7+ Ka6 90. Qc4+ Qb5 91. Qe6+ Qb6 1/2-1/2

[Event "BL 2016-17"]
[Site "Jenbach"]
[Date "2017.04.21"]
[Round "10"]
[White "Hajnal, Zoltan"]
[Black "Schwarhofer, Christopher"]
[Result "0-1"]
[ECO "C11"]
[WhiteElo "2382"]
[BlackElo "2375"]
[Annotator "NA"]
[PlyCount "94"]
[EventDate "2017.??.??"]
[EventCountry "AUT"]
[SourceTitle "playchess.com"]
[Source "ChessBase"]
[SourceQuality "1"]
[WhiteTeam "St. Valentin"]
[BlackTeam "Nickelsdorf"]
[TimeControl "40/5400+30:1800+30"]

1. e4 $146 (1. d4 Nf6 2. Nf3 d5 3. e3 e6 4. Bd3 b6 5. O-O Bb7 6. Nbd2 Bd6 7. Qe2 Ne4 8. b3 O-O 9. Bb2 Nd7 10. c4 a5 11. Rfd1 Qe7 12. Rac1 a4 13. Nf1 axb3 14. axb3 Ra2 15. Bb1 Rxb2 16. Qxb2 {½-½ (39) Kramnik,V (2809)-Adams,M (2748) London 2016}) 1... e6 2. d4 d5 3. Nc3 Nf6 4. e5 Nfd7 5. f4 c5 6. Nf3 Nc6 7. Be3 Qb6 8. Na4 Qa5+ 9. c3 b6 10. Bd2 c4 11. b4 Qa6 {[%emt 0:02:58] C11: French: Classical System: 4 e5 and 4 Bg5 dxe4} (11... Nxb4 12. cxb4 Bxb4 13. Qc2 Bxd2+ 14. Nxd2 b5 15. Nc3 b4 16. Nd1 f6 17. Nf3 fxe5 18. fxe5 Bb7 19. a3 {1-0 (34) Kokarev,D (2634)-Savchenko,B (2613) Khanty-Mansiysk 2016}) 12. g4 Qb7 $146 (12... h5 13. gxh5 Rxh5 14. Ng5 Rh8 15. f5 exf5 16. Bg2 Ne7 17. e6 fxe6 18. Nxe6 Qb7 19. Bf4 {1-0 (37) Paehtz,E (2276)-Andriasian,S Oropesa del Mar 1999}) 13. Bg2 a5 14. b5 Na7 15. Rb1 Be7 16. O-O Nf8 17. Nb2 Nxb5 18. Nxc4 Qc6 19. Nxb6 Qxb6 $14 20. a4 Bd7 21. axb5 Bxb5 22. Qb3 Rb8 23. Rb2 a4 24. Qa2 a3 25. Rb3 Qa6 26. Rfb1 Nd7 27. Bf1 Bxf1 28. Rxb8+ Nxb8 29. Rxf1 O-O 30. Rf2 Nd7 31. Bc1 Rb8 32. Kg2 Qa4 33. Rc2 Nb6 34. Qb1 Qc4 35. Ra2 Qxc3 36. Rc2 Qb4 37. Qa2 Nc4 38. Kf2 Qa4 39. Ke2 g6 40. f5 Rb3 41. Nd2 Nxd2 42. Bxd2 Qb5+ 43. Kf2 Rb2 44. Rc8+ Kg7 45. f6+ Bxf6 46. exf6+ Kxf6 47. g5+ {[%emt 0:00:05] Ke5} Kf5 0-1

[Event "BL 2016-17"]
[Site "Jenbach"]
[Date "2017.04.21"]
[Round "10"]
[White "Lendwai, Reinhard"]
[Black "Sandhoefner, Florian"]
[Result "1-0"]
[ECO "B97"]
[WhiteElo "2367"]
[BlackElo "2255"]
[Annotator "NA"]
[PlyCount "141"]
[EventDate "2017.??.??"]
[EventCountry "AUT"]
[SourceTitle "playchess.com"]
[Source "ChessBase"]
[SourceQuality "1"]
[WhiteTeam "Nickelsdorf"]
[BlackTeam "St. Valentin"]
[TimeControl "40/5400+30:1800+30"]

1. e4 c5 2. Nf3 d6 3. d4 cxd4 4. Nxd4 Nf6 5. Nc3 a6 6. Bg5 e6 7. f4 Qb6 8. Nb3 Nbd7 9. Qf3 Qc7 10. O-O-O b5 11. Bd3 {[%emt 0:04:07] B97: Sicilian Najdorf: Poisoned Pawn} Bb7 12. Rhe1 Be7 13. Kb1 (13. Qh3 b4 14. Nb1 e5 15. N1d2 a5 16. Kb1 a4 17. Nc1 O-O 18. Ne2 Rfc8 19. Ng3 g6 20. Nc4 {0-1 (29) Kamsky,G (2671)-Topalov,V (2804) Sofia 2006}) 13... O-O 14. Qh3 $1 g6 (14... Rfd8 $14) 15. a3 $146 (15. e5 dxe5 16. fxe5 Nxe5 17. Qg3 b4 18. Na4 Nfg4 19. Bf4 {1-0 (41) Stuart,A-Van Wieringen,C Netherland 2002}) 15... Rfe8 16. Qh4 Kg7 $2 (16... Qd8 $1 $14) 17. Re3 ({But not} 17. e5 $6 dxe5 18. fxe5 Ng8 $14) (17. f5 $18) 17... Ng8 18. Rh3 Nf8 19. Bxe7 Qxe7 20. Qxe7 (20. Qf2 $16) 20... Rxe7 21. Na5 Rd8 22. Nxb7 Rxb7 23. Be2 Kf6 24. Rd4 Ke7 25. Rb4 Rdb8 26. b3 Nf6 27. Re3 N6d7 28. a4 bxa4 29. Rxb7 Rxb7 30. Nxa4 a5 31. Rc3 Rb4 32. Bf3 f5 33. exf5 gxf5 34. g3 e5 35. fxe5 dxe5 36. Rc7 f4 37. Nc3 Rd4 38. Ra7 Rd2 39. gxf4 exf4 40. h3 Ne6 41. Nd5+ Kd6 42. Ra6+ Ke5 43. Rxa5 Ndc5 44. Nc7 Kd4 45. Nxe6+ Nxe6 46. Bg4 Nc5 47. c3+ Kxc3 48. Rxc5+ Kxb3 49. Be6+ Kb4 50. Rc4+ Kb5 51. Rxf4 Rd6 52. Re4 Kc5 53. Kc2 Rd4 54. Re3 Kd6 55. Kc3 Ra4 56. Bb3 Ra7 57. Re6+ Kd7 58. Re4 Ra6 59. Rh4 h6 60. Re4 Rd6 61. Ba4+ Kd8 62. Kc4 Kc7 63. Kc5 Rf6 64. h4 Rg6 65. Be8 Rf6 66. h5 $2 (66. Kd5 Rd6+ 67. Ke5) 66... Rf5+ 67. Kd4 $18 Kd6 68. Bg6 Rd5+ 69. Kc4 Rc5+ 70. Kb4 Re5 71. Rf4 1-0

[Event "BL 2016-17"]
[Site "Jenbach"]
[Date "2017.04.21"]
[Round "10"]
[White "Baenziger, Fabian"]
[Black "Ceschia, Ivano"]
[Result "1-0"]
[ECO "C00"]
[WhiteElo "2341"]
[BlackElo "2301"]
[Annotator "NA"]
[PlyCount "93"]
[EventDate "2017.??.??"]
[EventCountry "AUT"]
[SourceTitle "playchess.com"]
[Source "ChessBase"]
[SourceQuality "1"]
[WhiteTeam "Hohenems"]
[BlackTeam "St. Veit"]
[TimeControl "40/5400+30:1800+30"]

1. e4 e6 2. d3 d5 3. Nd2 c5 4. Ngf3 Nc6 5. g3 g6 6. Bg2 Bg7 7. O-O Nge7 8. Re1 O-O 9. e5 Qc7 10. Qe2 b5 11. Nf1 {[%emt 0:01:03] A08: King's Indian Attack} Nd4 (11... Bb7 12. h4 Rac8 13. Bd2 Nf5 14. c3 d4 15. g4 dxc3 16. bxc3 Nfe7 17. Ng3 Rfd8 18. Rad1 b4 {1-0 (36) Venkatesh,M (2506)-Deepan Chakkravarthy,J (2468) Pamplona 2012}) 12. Nxd4 cxd4 13. Bf4 Bd7 14. h4 Rac8 15. Rac1 Nc6 $146 (15... b4 16. Nh2 Qa5 17. Qd2 Nc6 18. Ng4 h5 {½-½ (43) Prodanov,D-Velikov,P Varna 1970}) 16. Nh2 h5 17. a3 b4 18. Bxd5 bxa3 19. bxa3 Qa5 20. Bg2 Ne7 21. Nf3 Nd5 22. Bg5 Nc3 23. Qd2 Bc6 24. Be7 Rfe8 25. Bb4 Qd5 26. Qf4 Na2 27. Ra1 Ba8 28. Rxa2 Qxa2 29. Ng5 Rc7 30. Bxa8 Rxa8 31. Ne4 Qxc2 32. Nf6+ Kh8 33. Bd6 Rc6 {[%emt 0:01:40] [#]} 34. Ne4 $16 Rb6 35. Qxf7 Rb1 36. Rxb1 Qxb1+ 37. Kg2 Qxd3 38. Qxg6 Rc8 39. Qxh5+ Kg8 40. Qg6 Kh8 41. h5 Rc1 42. h6 Qf1+ 43. Kf3 Qh1+ 44. Kg4 Qxh6 45. Qe8+ Bf8 46. Bxf8 Qh7 47. Bh6+ 1-0

[Event "BL 2016-17"]
[Site "Jenbach"]
[Date "2017.04.21"]
[Round "10"]
[White "Repkova, Eva"]
[Black "Lehner, Oliver"]
[Result "0-1"]
[ECO "C50"]
[WhiteElo "2328"]
[BlackElo "2386"]
[Annotator "NA"]
[PlyCount "48"]
[EventDate "2017.??.??"]
[EventCountry "AUT"]
[SourceTitle "playchess.com"]
[Source "ChessBase"]
[SourceQuality "1"]
[WhiteTeam "Bregenz"]
[BlackTeam "Jenbach"]
[TimeControl "40/5400+30:1800+30"]

1. e4 e5 2. Bc4 Nf6 3. d3 Nc6 4. Nf3 Bc5 5. O-O a6 6. c3 Ba7 7. Bg5 {[%emt 0:02:12] C54: Giuoco Piano: 4 c3 Nf6, main lines with 5 d4 and 5 d3} (7. Re1 O-O 8. a4 h6 9. h3 d6 10. Nbd2 Be6 11. b4 Qd7 12. Bxe6 Qxe6 13. Qb3 g5 14. Qxe6 fxe6 {½-½ (84) Howell,D (2644)-Short,N (2679) London 2016}) 7... h6 8. Bh4 d6 9. d4 g5 $146 (9... Qe7 10. Re1 Bg4 11. d5 Nb8 12. Nbd2 g5 13. Bg3 Nbd7 14. Nf1 Nf8 {0-1 (49) Heim,B (2260)-Gschnitzer,O (2295) Eppingen 1988}) 10. dxe5 gxh4 11. exf6 Qxf6 12. h3 $2 (12. Nbd2 $17 {was called for.}) 12... Rg8 13. Kh1 {[%emt 0:00:05] [#]} Bd7 $2 (13... Qg6 $1 $19 {[%csl Gg8][%cal Rg6g2] has better winning chances.} 14. Nxh4 Qg5) 14. Nbd2 O-O-O 15. Qe2 Rg7 16. a4 Rdg8 17. Rg1 Ne7 18. e5 {[%emt 0:04:09] [#]} dxe5 ({Black should try} 18... Qf4 $1 $17) 19. Ne4 $2 (19. Nxe5 $11 {and White is okay.} Bf5 20. Ndf3) 19... Qf4 20. Bxa6 bxa6 21. Qxa6+ Kb8 22. Nd6 Bc6 23. Nb5 Bxf2 24. Nfd4 exd4 0-1

[Event "BL 2016-17"]
[Site "Jenbach"]
[Date "2017.04.21"]
[Round "10"]
[White "Wallner, Joachim"]
[Black "Blohberger, Felix"]
[Result "0-1"]
[ECO "A01"]
[WhiteElo "2322"]
[BlackElo "2265"]
[Annotator "NA"]
[PlyCount "78"]
[EventDate "2017.??.??"]
[EventCountry "AUT"]
[SourceTitle "playchess.com"]
[Source "ChessBase"]
[SourceQuality "1"]
[WhiteTeam "Wulkaprodersdorf"]
[BlackTeam "Wien-SK Ottakring"]
[TimeControl "40/5400+30:1800+30"]

1. b3 e5 2. Bb2 Nc6 3. e3 Nf6 4. Bb5 e4 {[%emt 0:00:04] A01: Nimzowitsch-Larsen Opening} (4... Bd6 5. Na3 e4 6. Nc4 Be7 7. Bxc6 bxc6 8. Ne2 O-O 9. O-O a5 10. d3 a4 11. Ng3 d5 12. Ne5 Qe8 13. dxe4 Nxe4 {½-½ (30) Rapport,R (2702)-Karjakin,S (2785) Wijk aan Zee 2017}) 5. d3 a6 6. Bxc6 dxc6 7. Ne2 Bf5 8. Ng3 Bg6 9. d4 $146 (9. dxe4 Qxd1+ 10. Kxd1 O-O-O+ 11. Nd2 Ng4 12. Rf1 Nxh2 {0-1 (35) Olisov,A (2187)-Sharafiev,A (2414) Uljanovsk 2012}) 9... h5 10. h4 Ng4 11. Nc3 Qe7 12. Qe2 O-O-O 13. O-O-O Qe6 14. Nf1 Bb4 15. Kb1 Qf5 16. f3 Nf6 17. Nxe4 Nxe4 18. fxe4 Qxe4 19. Ng3 $15 Qe7 20. e4 f6 21. Qf3 Rhe8 22. Nxh5 Qxe4 23. Qxe4 Rxe4 24. Nxg7 Re2 25. Rdf1 Bxc2+ 26. Ka1 c5 27. a3 Ba5 28. Nf5 Bxb3 29. g4 c4 30. Rh3 Rde8 31. Bc3 Ra2+ 32. Kb1 Bxc3 33. Rxc3 Ree2 34. Ne3 Reb2+ 35. Kc1 Rh2 36. Kb1 Rxa3 37. Nc2 Ba2+ 38. Kb2 Rb3+ 39. Rxb3 cxb3 0-1

[Event "BL 2016-17"]
[Site "Jenbach"]
[Date "2017.04.21"]
[Round "10"]
[White "Deglmann, Ludwig"]
[Black "Kvetny, Mark"]
[Result "0-1"]
[ECO "A03"]
[WhiteElo "2300"]
[BlackElo "2372"]
[Annotator "ChessBase"]
[PlyCount "24"]
[EventDate "2017.??.??"]
[EventCountry "AUT"]
[SourceTitle "playchess.com"]
[Source "ChessBase"]
[SourceQuality "1"]
[WhiteTeam "Absam"]
[BlackTeam "Götzis"]
[TimeControl "40/5400+30:1800+30"]

1. f4 d5 2. Nf3 Bg4 3. e3 Nd7 4. h3 Bxf3 5. Qxf3 Ngf6 6. g4 c6 7. d3 g6 8. e4 dxe4 9. dxe4 e5 10. Bc4 exf4 11. Bxf4 Qe7 12. Nd2 Ne5 0-1

[Event "BL 2016-17"]
[Site "Jenbach"]
[Date "2017.04.21"]
[Round "10"]
[White "Gstach, Jakob"]
[Black "Volkmann, Friedrich Karl"]
[Result "0-1"]
[ECO "D02"]
[WhiteElo "2299"]
[BlackElo "2402"]
[Annotator "ChessBase"]
[PlyCount "104"]
[EventDate "2017.??.??"]
[EventCountry "AUT"]
[SourceTitle "playchess.com"]
[Source "ChessBase"]
[SourceQuality "1"]
[WhiteTeam "Wien-SK Ottakring"]
[BlackTeam "Wulkaprodersdorf"]
[TimeControl "40/5400+30:1800+30"]

1. d4 d5 2. Nf3 Nc6 3. Bf4 Bg4 4. e3 e6 5. Be2 Bd6 6. c3 Bxf4 7. exf4 Qf6 8. g3 O-O-O 9. Nbd2 h6 10. h4 Qf5 11. h5 Nf6 12. Ne5 Nxe5 13. fxe5 Bxe2 14. Qxe2 Nd7 15. f4 f6 16. Nf3 g5 17. hxg6 Qxg6 18. Kf2 fxe5 19. Nxe5 Nxe5 20. Qxe5 Rdg8 21. Rhg1 h5 22. Rae1 Rh6 23. Qe3 Qf7 24. Qf3 h4 25. gxh4 Rxg1 26. Rxg1 Rxh4 27. Rg4 Rh6 28. Qg3 b6 29. Rh4 Rxh4 30. Qxh4 Qf5 31. Qh8+ Kb7 32. Qe5 Qc2+ 33. Qe2 Qg6 34. a3 Kc6 35. Ke1 a5 36. Kd2 Qf5 37. Qe5 a4 38. Qe3 Kd6 39. Kc1 c5 40. Qg3 Kc6 41. Qe3 Kd6 42. Qg3 cxd4 43. cxd4 Kd7 44. Qg7+ Kc6 45. Qg3 Qe4 46. Qc3+ Kd7 47. Qb4 Qxf4+ 48. Kb1 Qf1+ 49. Kc2 Qe2+ 50. Kb1 Qd3+ 51. Ka1 Qf1+ 52. Ka2 Qc4+ 0-1

[Event "BL 2016-17"]
[Site "Jenbach"]
[Date "2017.04.21"]
[Round "10"]
[White "Anistratov, Dmitriy"]
[Black "de Francesco, Klaus"]
[Result "0-1"]
[ECO "A06"]
[WhiteElo "2292"]
[BlackElo "2227"]
[Annotator "NA"]
[PlyCount "76"]
[EventDate "2017.??.??"]
[EventCountry "AUT"]
[SourceTitle "playchess.com"]
[Source "ChessBase"]
[SourceQuality "1"]
[WhiteTeam "Götzis"]
[BlackTeam "Absam"]
[TimeControl "40/5400+30:1800+30"]

1. Nf3 d5 2. d3 c5 3. Nbd2 Nc6 4. c3 e6 5. e4 Nge7 6. Be2 g6 7. h4 h6 8. Qc2 Bg7 9. Nf1 b6 10. Ng3 Bb7 11. O-O O-O 12. Bd2 f5 13. exf5 Nxf5 14. d4 (14. Nxf5 $15 gxf5 15. h5) 14... cxd4 15. Nxf5 gxf5 $17 (15... exf5 16. cxd4 Nxd4 17. Nxd4 Bxd4 18. g3) 16. cxd4 Nxd4 17. Nxd4 Bxd4 18. g3 Qf6 19. Rab1 Rf7 20. Kh2 e5 21. Bf3 e4 22. Bh5 Rg7 23. Bf4 Ba6 24. Be2 Rc8 25. Qd2 Bxe2 26. Qxe2 Be5 27. Bxe5 Qxe5 28. Qh5 Rc2 29. Kh1 e3 30. Rbe1 e2 31. Rg1 Kh7 32. f3 Qe6 33. g4 fxg4 34. fxg4 d4 35. Rg3 d3 36. Re3 Qxe3 37. Qf5+ Kg8 38. Qd5+ Rf7 0-1

[Event "BL 2016-17"]
[Site "Jenbach"]
[Date "2017.04.21"]
[Round "10"]
[White "Tober, Gerhard"]
[Black "Kuntner, Reinhard"]
[Result "1/2-1/2"]
[ECO "B22"]
[WhiteElo "2260"]
[BlackElo "2021"]
[Annotator "NA"]
[PlyCount "103"]
[EventDate "2017.??.??"]
[EventCountry "AUT"]
[SourceTitle "playchess.com"]
[Source "ChessBase"]
[SourceQuality "1"]
[WhiteTeam "St. Valentin"]
[BlackTeam "Nickelsdorf"]
[TimeControl "40/5400+30:1800+30"]

1. e4 c5 2. c3 d5 3. exd5 Qxd5 4. d4 Nf6 5. Nf3 cxd4 6. cxd4 e6 7. Nc3 Bb4 8. Bd3 Nc6 9. O-O Qd8 10. Qe2 O-O 11. Rd1 Re8 12. Bg5 Be7 13. a3 Nd5 14. Bd2 a6 15. Rac1 Bd6 16. Re1 Bd7 17. Qe4 ({White should play} 17. Ng5 $16 Nf6 18. Nce4 Nxe4 19. Bxe4 (19. Qxe4 f5 20. Qf3 Qf6 $11)) 17... f5 18. Qe2 h6 19. Nxd5 exd5 20. Qd1 Rxe1+ 21. Bxe1 Bf4 22. Rc2 Qb6 23. Bc3 Re8 24. Re2 Rxe2 25. Qxe2 Qc7 26. g3 Bd6 27. Nh4 Ne7 28. Qh5 Bxa3 29. Nxf5 Nxf5 30. Bxf5 Be7 31. Bc2 Qd6 32. Bb4 Qe6 33. Bxe7 Qe1+ 34. Kg2 Qxe7 35. Qxd5+ Kh8 36. Qf3 Qd6 37. d5 b5 38. h4 a5 39. Qe4 Kg8 40. h5 a4 41. Qh7+ Kf7 42. Bg6+ Kf6 43. Be4 Qe5 44. Qg6+ Ke7 45. d6+ Kf8 46. g4 Qxb2 47. Bf5 Bc6+ 48. Be4 $11 Bd7 49. Qh7 Qb3 50. Bf3 Qb2 51. Bd5 Qf6 52. Qg8# {Qxd6 Qxg7+} 1/2-1/2

[Event "BL 2016-17"]
[Site "Jenbach"]
[Date "2017.04.21"]
[Round "10"]
[White "Theuretzbacher, Klaus"]
[Black "Pinter, Erik"]
[Result "0-1"]
[ECO "B20"]
[WhiteElo "2249"]
[BlackElo "2384"]
[Annotator "NA"]
[PlyCount "86"]
[EventDate "2017.??.??"]
[EventCountry "AUT"]
[SourceTitle "playchess.com"]
[Source "ChessBase"]
[SourceQuality "1"]
[WhiteTeam "St. Valentin"]
[BlackTeam "Nickelsdorf"]
[TimeControl "40/5400+30:1800+30"]

1. e4 c5 2. b4 cxb4 3. a3 e6 4. Nf3 Nf6 5. e5 Nd5 6. axb4 Bxb4 7. c3 Be7 8. d4 d6 9. c4 Nc7 10. exd6 Bxd6 11. Nc3 Bb4 12. Qb3 Nc6 13. Be2 b5 14. O-O bxc4 15. Qxc4 Bb7 16. Rb1 a5 $17 17. Rd1 O-O 18. Bg5 Qe8 19. Ne4 Ba6 20. Qa2 Bxe2 21. Qxe2 f6 22. Bf4 Nd5 23. Bd2 Rd8 24. Qc4 Kh8 25. Nc5 Bxc5 26. dxc5 e5 27. Rb5 Ndb4 28. Re1 Qd7 29. Rb6 Qd3 30. Qg4 Nd4 31. Bxb4 axb4 32. Nxd4 Rxd4 33. Qe6 Qc3 34. Rf1 Qxc5 35. Rc6 Qa7 36. Ra6 Qc7 37. Rfa1 Rfd8 38. g3 Qd7 39. Qb3 Rd1+ 40. Kg2 Qb7+ 41. Qf3 Qxf3+ 42. Kxf3 Rxa1 43. Rxa1 b3 0-1

[Event "BL 2016-17"]
[Site "Jenbach"]
[Date "2017.04.21"]
[Round "10"]
[White "Steiner, Adam"]
[Black "Mesaros, Florian"]
[Result "0-1"]
[ECO "C31"]
[WhiteElo "2220"]
[BlackElo "2382"]
[Annotator "NA"]
[PlyCount "74"]
[EventDate "2017.??.??"]
[EventCountry "AUT"]
[SourceTitle "playchess.com"]
[Source "ChessBase"]
[SourceQuality "1"]
[WhiteTeam "Wien-SK Ottakring"]
[BlackTeam "Wulkaprodersdorf"]
[TimeControl "40/5400+30:1800+30"]

1. e4 e5 2. f4 d5 3. exd5 exf4 4. Nf3 Ne7 5. Be2 Nxd5 6. c4 Nf6 7. d4 Bd6 8. c5 Be7 9. Bxf4 b6 10. Nc3 O-O 11. Ne5 bxc5 12. dxc5 (12. Bf3 $11 cxd4 13. Bxa8 dxc3 14. Qxd8 (14. bxc3 Nbd7 15. Bf3 Bc5 $15) 14... Rxd8 15. bxc3) 12... Bb7 13. Qb3 (13. Qxd8 $11 {remains equal.} Rxd8 14. Bc4) 13... Bxg2 14. Rg1 Qd4 15. Rxg2 Qxf4 16. Nxf7 $17 Rxf7 17. Rf2 Qh4 18. Bc4 Nbd7 19. Bxf7+ Kf8 20. Qc4 Qg5 21. Bd5 Re8 22. Kd1 Bxc5 23. Rf1 Qh5+ 24. Bf3 Qxh2 25. Rc1 Qxb2 26. Bh5 Re7 27. Nd5 Qh2 28. Nxf6 gxf6 29. Bf3 Be3 30. Rc2 Qd6+ 31. Qd5 Qb4 32. Qc4 Qd6+ 33. Qd5 Qb6 34. Rc6 Qb1+ 35. Ke2 Bf4+ 36. Re6 Rxe6+ 37. Qxe6 Qc2+ 0-1

[Event "BL 2016-17"]
[Site "Jenbach"]
[Date "2017.04.21"]
[Round "10"]
[White "Koffler, Daniel"]
[Black "Heimberger, Reinhard"]
[Result "1/2-1/2"]
[ECO "D35"]
[WhiteElo "2126"]
[BlackElo "2285"]
[Annotator "NA"]
[PlyCount "109"]
[EventDate "2017.??.??"]
[EventCountry "AUT"]
[SourceTitle "playchess.com"]
[Source "ChessBase"]
[SourceQuality "1"]
[WhiteTeam "Nickelsdorf"]
[BlackTeam "St. Valentin"]
[TimeControl "40/5400+30:1800+30"]

1. d4 d5 2. c4 e6 3. Nc3 Nf6 4. cxd5 exd5 5. Bg5 c6 6. e3 Qb6 {[%emt 0:01:57] LiveBook: 115 Games} 7. Qb3 {[%emt 0:09:13] D35: Queen's Gambit Declined: Exchange Variation} (7. Qd2 Bf5 8. Bxf6 gxf6 9. Bd3 Bg6 10. Nge2 Bd6 11. O-O Nd7 12. Rab1 Qc7 13. Kh1 a6 14. a4 a5 15. f4 Bxd3 16. Qxd3 {½-½ (63) Berkes,F (2658)-Jakubowski,K (2530) Arad 2014}) 7... Qxb3 8. axb3 Ne4 $146 (8... Nbd7 9. Bd3 Bb4 10. Nge2 h6 11. Bh4 Ke7 12. f3 Re8 13. Bf2 Nb6 14. O-O Be6 {1-0 (38) Petran,P (2440)-Rabiega,R (2455) Austria 1994}) 9. Bf4 Bb4 10. Nge2 a5 11. f3 Nf6 12. Ng3 O-O 13. Kf2 g6 14. Bd3 Be6 15. Nge2 Nh5 16. Bh6 Re8 17. g4 Ng7 18. Ng3 Nd7 19. h4 Bd6 (19... f6 $14) 20. Nce2 f6 21. Rag1 a4 22. bxa4 Rxa4 23. h5 $14 g5 24. f4 Be7 25. Nf5 Bxf5 26. gxf5 Kf7 27. fxg5 fxg5 28. Bxg5 Bxg5 29. Rxg5 Rea8 30. h6 Ne8 31. Nc3 Rb4 32. Rb1 Ndf6 33. Kf3 Ra5 34. Rg2 c5 35. dxc5 Rxc5 36. Ra1 Rh4 37. Ra7 Rc7 38. Ra5 Rxh6 39. Nxd5 Nxd5 40. Rxd5 Rh3+ 41. Rg3 Rh2 42. Rb5 Rd2 43. Rb3 Nd6 44. e4 Kf6 45. Ke3 Rh2 46. Kd4 Nf7 47. Rb6+ Rc6 48. Rxb7 Ne5 49. Ke3 h5 50. Bb5 Rd6 51. Rh7 h4 52. Rh6+ Kf7 53. Rh7+ Kf6 54. Rh6+ Kf7 55. Rh7+ 1/2-1/2